 Dungeon Crawl Stone Soup version 0.22-a0-571-g4a923d4 (webtiles) character file.

70 gmonis the Cudgeler (level 4, -4/39 HPs)
             Began as a Minotaur Berserker on July 1, 2018.
             Was a Believer of Trog.
             Slain by a gnoll
             ... wielding a +0 club
              (7 damage)
             ... on level 2 of the Dungeon.
             The game lasted 00:01:35 (1085 turns).

gmonis the Cudgeler (Minotaur Berserker)            Turns: 1085, Time: 00:01:36

Health: -4/39      AC:  2    Str: 21    XL:     4   Next: 3%
Magic:  3/3        EV: 12    Int:  4    God:    Trog [**....]
Gold:   45         SH:  0    Dex: 11    Spells: 3/3 levels left

rFire    . . .     SeeInvis .   a - +0 mace
rCold    . . .     Gourm    .   (no shield)
rNeg     . . .     Faith    .   b - +0 animal skin
rPois    .         Spirit   .   (helmet restricted)
rElec    .         Reflect  .   (no cloak)
rCorr    .         Harm     .   (no gloves)
MR       .....                  (no boots)
Stlth    +.........             (no amulet)
HPRegen  0.13/turn              (no ring)
MPRegen  0.08/turn              (no ring)

@: no status effects
A: retaliatory headbutt, horns 2
a: Berserk, Trog's Hand, Renounce Religion


You were on level 2 of the Dungeon.
You worshipped Trog.
Trog was pleased with you.
You were not hungry.

You visited 1 branch of the dungeon, and saw 2 of its levels.

You collected 45 gold pieces.

Inventory:

Hand Weapons
 a - a +0 mace (weapon)
Missiles
 i - 44 stones (quivered)
Armour
 b - a +0 animal skin (worn)
Scrolls
 d - 2 scrolls of amnesia {unknown}
 e - a scroll of identify {unknown}
 f - a scroll of random uselessness {unknown}
 h - 2 scrolls of remove curse {unknown}
 j - a scroll of immolation {unknown}
 k - a scroll of teleportation {unknown}
Potions
 g - 3 potions of heal wounds {unknown}
 l - a potion of brilliance {unknown}
Comestibles
 c - 2 rations


   Skills:
 - Level 3.6 Fighting
 + Level 6.0 Maces & Flails
 - Level 2.4 Armour
 - Level 2.1 Dodging


You had 3 spell levels left.
You didn't know any spells.
Your spell library was empty.

Dungeon Overview and Level Annotations

Branches:
Dungeon (2/15)

Altars:
Ashenzari


Innate Abilities, Weirdness & Mutations

You reflexively headbutt those who attack you in melee.
You have a pair of horns on your head.


Message History

The gnoll hits you with a club.
You barely miss the gnoll. You headbutt the gnoll.
The gnoll is severely wounded.
The gnoll barely misses you. The gnoll hits you but does no damage.
You barely miss the gnoll. You headbutt the gnoll.
The gnoll is almost dead.
The gnoll hits you from afar with a spear.
The gnoll hits you but does no damage.
The gnoll hits you from afar with a spear.
* * * LOW HITPOINT WARNING * * *
You are too injured to fight recklessly!
You barely miss the gnoll.
The gnoll is almost dead.
The gnoll hits you with a club!
* * * LOW HITPOINT WARNING * * *
The gnoll closely misses you.
You barely miss the gnoll.
The gnoll is almost dead.
The gnoll hits you with a club!
You die...

#.. #.#
###..###.###
...........#
##.#####.#.#
#)#.#
###.#.#.## #
#.........#
#.###.#.#.#.#.#
#..@(.....#
#...(gg##.....#
#...... ......#
#..#... ..#.#.#
.......####.#.#
#...... .#.#
##..##. +# #..
#.


You could see 2 gnolls.

Vanquished Creatures
  2 gnolls (D:2)
  An ooze (D:2)
  A worm (D:2)
  A dart slug (D:1)
  2 leopard geckos (D:1)
  2 bats (D:2)
  2 giant cockroaches (D:2)
  4 goblins
  5 hobgoblins
  8 jackals (D:1)
  A kobold (D:1)
  2 frilled lizards
  4 rats (D:1)
35 creatures vanquished.

Notes
Turn   | Place    | Note
-------+----------+-------------------------------------------
     0 | D:1      | gmonis the Minotaur Berserker began the quest for the Orb.
     0 | D:1      | Reached XP level 1. HP: 19/19 MP: 0/0
     5 | D:1      | Reached skill level 4 in Maces & Flails
    15 | D:1      | Reached XP level 2. HP: 15/26 MP: 1/1
   361 | D:1      | Found a shattered altar of Ashenzari.
   439 | D:1      | Reached skill level 5 in Maces & Flails
   447 | D:1      | Reached ** piety under Trog
   447 | D:1      | Reached XP level 3. HP: 16/31 MP: 2/2
  1057 | D:2      | Reached skill level 6 in Maces & Flails
  1057 | D:2      | Reached XP level 4. HP: 39/39 MP: 3/3
  1085 | D:2      | Slain by a gnoll

Vault maps used:
D:1:      minmay_arrival_five_plusses, nicolae_ashenzari_panopticon
D:2:      serial_park_tiny_1

Skill      XL: |  1  2  3 |
---------------+----------+-----
Maces & Flails | 4 5 6 |  6.0
Fighting       | |  3.6
Armour         | |  2.4
Dodging        | |  2.1

Action                   |  1- 3 |  4- 6 || total
-------------------------+-------+-------++-------
Melee: Mace              |    54 |     6 ||    60
       Headbutt          |     9 |     2 ||    11
Throw: Stone             |     3 |       ||     3
  Eat: Chunk             |       |     1 ||     1
Armor: Animal skin       |     7 |     2 ||     9
Dodge: Dodged            |    37 |     2 ||    39

Table legend:
 A = Spawn XP
 B = Non-spawn XP
 C = Spawn XP percentage of total XP
 D = Spawn monster count
 E = Non-spawn monster count
 F = Spawn count percentage of total count
 G = Total turns spent on level
                    A         B        C        D         E        F      G
               +---------+---------+-------+---------+---------+-------+---------
         Total |       0 |     100 |   0.0 |       0 |      35 |   0.0 |  1085
               +---------+---------+-------+---------+---------+-------+---------
           D:1 |       0 |      43 |   0.0 |       0 |      22 |   0.0 |   811
           D:2 |       0 |      57 |   0.0 |       0 |      13 |   0.0 |   274
               +---------+---------+-------+---------+---------+-------+---------
